 Dungeon Crawl Stone Soup version 0.22.1-2-g9c5b331383 (webtiles) character file.

379 Revguard the Shield-Bearer (level 7, -4/82 HPs)
             Began as a Formicid Fighter on Nov 26, 2018.
             Slain by Pikel
             ... wielding a +1 whip of electrocution
              (20 damage)
             ... on level 4 of the Dungeon.
             The game lasted 00:09:45 (2522 turns).

Revguard the Shield-Bearer (Formicid Fighter)       Turns: 2522, Time: 00:09:45

Health: -4/82      AC: 23    Str: 26    XL:     7   Next: 4%
Magic:  7/7        EV:  2    Int:  7    God:
Gold:   216        SH: 10    Dex: 12    Spells: 6/6 levels left

rFire    . . .     SeeInvis .   a - +0 long sword
rCold    . . .     Gourm    .   c - +0 shield
rNeg     + + +     Faith    .   (armour currently unavailable)
rPois    +         Spirit   .   (helmet unavailable)
rElec    .         Reflect  .   (cloak currently unavailable)
rCorr    .         Harm     .   (gloves currently unavailable)
MR       .....                  (boots currently unavailable)
Stlth    +.........             (no amulet)
HPRegen  0.23/turn              o - ring of flight
MPRegen  0.10/turn              (no ring)

@: mighty, tree-form
A: permanent stasis, dig shafts and tunnels, four strong arms
a: no special abilities


You were on level 4 of the Dungeon.
You were hungry.
You were a tree.
You visited 1 branch of the dungeon, and saw 4 of its levels.

You collected 216 gold pieces.

Inventory:

Hand Weapons
 a - a +0 long sword (weapon)
Armour
 b - a +0 scale mail (melded)
 c - a +0 shield (worn)
Jewellery
 j - an uncursed ring of fire
 o - a ring of flight (left branch)
Wands
 s - a wand of digging (15)
Scrolls
 e - 2 scrolls of enchant weapon {unknown}
 g - 2 scrolls of immolation
 k - a scroll of amnesia
 l - a scroll of teleportation
 m - 3 scrolls of identify
 p - a scroll of fear {unknown}
 r - a scroll of noise {unknown}
Potions
 i - 3 potions of lignification
 n - 2 potions of haste
 q - a potion of flight
Comestibles
 f - 7 rations


   Skills:
 + Level 4.3 Fighting
 + Level 4.5 Long Blades
 + Level 4.5 Armour
 + Level 5.5 Shields


You had 6 spell levels left.
You didn't know any spells.
Your spell library was empty.

Dungeon Overview and Level Annotations

Branches:
Dungeon (4/15)
 Temple: D:4-7

Altars:

Annotations:
D:4 Pikel


Innate Abilities, Weirdness & Mutations

You cannot be hasted, slowed, berserked, paralysed or teleported.
You can dig through walls and to a lower floor.
Your four strong arms can wield two-handed weapons with a shield.
((You have a pair of large antennae on your head. (SInv)))


Message History

You turn into a tree.
Your +0 scale mail melds into your body.
Your roots penetrate the ground.
You feel less invigorated.
You feel less confused. You block Pikel's attack.
You feel very mighty all of a sudden.
Pikel hits you with a whip of electrocution.
* * * LOW HITPOINT WARNING * * *
Pikel hits you but does no damage.
You hit Pikel but do no damage.
Pikel is heavily wounded.
You block Pikel's attack. x2
You miss Pikel.
Pikel is heavily wounded.
Pikel hits you but does no damage.
You miss Pikel.
Pikel is heavily wounded.
You block Pikel's attack. Pikel hits you but does no damage.
You are electrocuted!
You die...

#.#
###.##........#
#.# #.......<...#
###.#
####........#
#...# ##########
#...#############
#................{
#..#......{......
#......####pp..>.
{
##.###...♣KZ.....
{ ... #..###p.....
#.### #..# .(... .
#... .... #.##.
... #.# .# ## ...
# ##.


You could see Pikel, 3 slaves and a jackal skeleton.

Vanquished Creatures
  Sigmund (D:3)
  An orc priest (D:3)
  Natasha (twice) (D:2)
  Ijyb (D:3)
  3 adders (D:2)
  4 worms
  2 dart slugs (D:2)
  2 leopard geckos
  5 orcs
  A ball python (D:1)
  7 bats
  5 giant cockroaches
  7 goblins
  9 hobgoblins
  2 jackals (D:3)
  A quokka (D:3)
  7 frilled lizards
  8 kobolds
  9 rats
77 creatures vanquished.

Notes
Turn   | Place    | Note
-------+----------+-------------------------------------------
     0 | D:1      | Revguard the Formicid Fighter began the quest for the Orb.
     0 | D:1      | Reached XP level 1. HP: 18/18 MP: 1/1
    51 | D:1      | Reached XP level 2. HP: 12/24 MP: 2/2
   101 | D:1      | Reached skill level 4 in Shields
   258 | D:1      | Reached XP level 3. HP: 21/29 MP: 3/3
   753 | D:2      | Noticed Natasha
   772 | D:2      | Killed Natasha
   772 | D:2      | Reached XP level 4. HP: 13/37 MP: 4/4
  1456 | D:2      | Noticed Natasha
  1464 | D:2      | Killed Natasha
  1464 | D:2      | Reached XP level 5. HP: 42/42 MP: 5/5
  2178 | D:3      | Noticed Ijyb
  2189 | D:3      | Reached skill level 5 in Shields
  2189 | D:3      | Reached XP level 6. HP: 31/48 MP: 6/6
  2205 | D:3      | Killed Ijyb
  2366 | D:3      | Noticed Sigmund
  2385 | D:3      | Killed Sigmund
  2385 | D:3      | Reached XP level 7. HP: 44/55 MP: 7/7
  2497 | D:4      | Noticed Pikel
  2522 | D:4      | Slain by Pikel

Skill      XL: |  1  2  3  4  5  6 |
---------------+-------------------+-----
Shields        | 4 5 |  5.5
Long Blades    | 3 4 |  4.5
Armour         | 4 |  4.5
Fighting       | 4 |  4.3

Action                   |  1- 3 |  4- 6 |  7- 9 || total
-------------------------+-------+-------+-------++-------
Melee: Long sword        |   105 |   171 |    18 ||   294
  Use: Potion            |     2 |     3 |     3 ||     8
       Scroll            |       |     7 |       ||     7
  Eat: Chunk             |       |     4 |     1 ||     5
Armor: Scale mail        |    79 |    80 |     4 ||   163
       Skin              |       |       |     2 ||     2
Dodge: Dodged            |    66 |    68 |    11 ||   145
Block: Shield            |    90 |   100 |    11 ||   201
       Rpst.: Long sword |    18 |    17 |     1 ||    36
